 Dungeon Crawl Stone Soup version 0.31.0-12-g77e489cdc1 (webtiles) character file.

Game seed: 10628504012248964792

1474 Coyote68 the Cudgeller (level 8, -1/6 HPs)
             Began as a Human Fighter on Mar 5, 2024.
             Was an Initiate of the Shining One.
             Slain by a steam dragon (7 damage)
             ... on level 6 of the Dungeon.
             The game lasted 00:31:53 (5290 turns).

Coyote68 the Cudgeller (Human Fighter)              Turns: 5290, Time: 00:31:53

Health: -1/6       AC:  1    Str: 18    XL:     8   Next: 78%
Magic:  8/8        EV: 16    Int:  9    God:    the Shining One [......]
Gold:   332        SH:  9    Dex: 13    Spells: 7/7 levels left

rFire   . . .        a - +2 flail (flame)
rCold   . . .        B - +0 kite shield
rNeg    . . .        n - melded +0 ring mail of Qieloil {rN+ Slay+2}
rPois   .            (no helmet)
rElec   .            (no cloak)
rCorr   .            l - +0 pair of gloves
SInv    .            (no boots)
Will    .....        (no amulet)
Stlth   +            m - +5 ring of evasion
HPRegen 0.21/turn    p - ring of flight
MPRegen 0.11/turn

%: no passive effects
@: maw-form, flying, glowing
A: devouring maw, reduced hp, explore regen
a: Begin Untransformation, Renounce Religion


You were on level 6 of the Dungeon.
You worshipped the Shining One.
The Shining One was noncommittal.
You were a creature with a mouth for a stomach.
You visited 2 branches of the dungeon, and saw 7 of its levels.

You collected 332 gold pieces.

Inventory:

Hand Weapons
 a - a +2 flail of flaming (weapon)
 j - a +0 glaive
 x - a +3 flail
 C - a +0 scythe
Armour
 b - a +0 scale mail
 c - a +0 buckler
 g - a +0 ring mail
 l - a +0 pair of gloves (worn)
 n - the +0 ring mail of Qieloil (melded) {rN+ Slay+2}
   (You found it on level 2 of the Dungeon)

   Slay+2:    It affects your accuracy & damage with ranged weapons and melee
   (+2).
   rN+:       It protects you from negative energy.
 r - a +0 chain mail
 B - a +0 kite shield (worn)
Magical Staves
 h - a staff of earth
Jewellery
 m - a +5 ring of evasion (left hand)
 p - a ring of flight (right hand)
Talismans
 e - a blade talisman
 f - a maw talisman (active)
 o - a beast talisman
Wands
 t - a wand of paralysis (20)
 v - a wand of digging (4)
 y - a wand of mindburst (5)
Scrolls
 w - a scroll of vulnerability
 z - 2 scrolls of noise
 D - a scroll of poison {unknown}
Potions
 d - a potion of might
 i - a potion of ambrosia
 k - a potion of magic
 q - 2 potions of cancellation
 s - a potion of attraction
 u - a potion of invisibility
 A - a potion of mutation {unknown}


   Skills:
 + Level 5.0 Fighting
 + Level 7.8 Maces & Flails
 + Level 5.1 Armour
 + Level 2.5 Dodging
 + Level 1.6 Stealth
 + Level 4.2 Shields
 + Level 0.1 Evocations


You had 7 spell levels left.
You didn't know any spells.
Your spell library contained the following spells:

 Spells                   Type           Power      Damage    Failure   Level
 Call Imp                 Summ           0%         N/A       83%         2
 Sublimation of Blood     Necr           0%         N/A       83%         2
 Summon Hydra             Summ           0%         N/A       100%        7


Dungeon Overview and Level Annotations

Branches:
Dungeon (6/15)             Temple (1/1) D:5

Altars:
Cheibriados
Elyvilon
Fedhas
Gozag
Hepliaklqana
Kikubaaqudgha
Makhleb
Nemelex Xobeh
Ru
Sif Muna
Trog
Uskayaw
Vehumet
Wu Jian
Xom
Yredelemnul
Zin
The Shining One

Shops:
D:6 (


Innate Abilities, Weirdness & Mutations

You are a creature with a mouth for a stomach.
Your midsection houses a second, enormous mouth.
Your maximum health is decreased, since you lack skill for your form.
You regain HP and MP as you explore.


Message History

The orc warrior hits you with a +0 scimitar!
* * * LOW HITPOINT WARNING * * *
You begin transforming.
You continue transforming.
The orc warrior barely misses you.
You continue transforming.
The orc warrior barely misses you.
You continue transforming.
The orc warrior barely misses you.
You turn into a creature with a mouth for a stomach.
The +0 ring mail of Qieloil {rN+ Slay+2} melds into your body.
You hit the orc warrior but do no damage.
Your bite misses the orc warrior.
The orc warrior is moderately wounded.
You block the orc warrior's attack.
You hit the orc warrior. You burn the orc warrior.
The orc warrior is heavily wounded.
The orc warrior barely misses you.
You sock the orc warrior! You burn the orc warrior.
You devour the orc warrior!
You feel better.
You kill the orc warrior!
Your Fighting skill increases to level 5!
You now have 332 gold pieces (gained 13).
Things that are here:
a +0 scimitar; a +0 chain mail
Things that are here:
a +0 scimitar; a +0 chain mail The orc barely misses you.
You hit the orc. You burn the orc.
The orc is heavily wounded.
You block the orc's attack. The orc closely misses you.
You hit the orc. You burn the orc.
You devour the orc!
You feel better.
You kill the orc!
You see here a +0 rapier.
Found a +0 dagger.
A steam dragon comes into view.
The steam dragon hisses angrily.
You see here a +0 dagger.
The steam dragon bites you!
Ouch! That really hurt!
You die...

########## .........## ###
............## ##.+
.............########### #..#
..............).WD......###.<#
.............##########.#....#
.............# ##..#.####
.............# #.. #.# .
............## #.###.###.#
#.....(....## ###.##......#
######..#### ###........####
.# #.)# #...).........# )##
#..# #.#...........#


You could see a steam dragon.

Vanquished Creatures
  Sigmund (D:6)
  A water moccasin (D:5)
  An orc warrior (D:6)
  A black bear (D:6)
  3 ogres
  A centaur (D:6)
  2 phantoms
  Blork the orc (D:5)
  A scorpion (D:6)
  A jelly (D:5)
  2 hounds (D:5)
  A bombardier beetle (D:4)
  A sleepcap (D:6)
  An orc priest (D:6)
  3 iguanas
  An orc wizard (D:3)
  5 adders
  3 shadow imps
  2 ribbon worms (D:2)
  5 dart slugs
  8 orcs
  3 endoplasms
  8 giant cockroaches
  5 goblins
  7 hobgoblins
  3 quokkas
  8 ball pythons
  7 bats
  5 frilled lizards
  4 kobolds
  3 rats
98 creatures vanquished.

Notes
Turn   | Place    | Note
-------+----------+-------------------------------------------
     0 | D:1      | Coyote68 the Human Fighter began the quest for the Orb.
     0 | D:1      | Reached XP level 1. HP: 18/18 MP: 1/1
   118 | D:1      | Reached XP level 2. HP: 24/24 MP: 2/2
   480 | D:1      | Reached XP level 3. HP: 29/29 MP: 3/3
   488 | D:1      | You fall into a shaft and drop 1 floor!
   504 | D:2      | Found a faded altar of an unknown god.
  1252 | D:2      | Identified the +0 ring mail of Qieloil {rN+ Slay+2}
  1644 | D:1      | Reached XP level 4. HP: 29/35 MP: 4/4
  2135 | D:3      | Reached skill level 3 in Maces & Flails
  2511 | D:3      | Noticed an ogre
  2517 | D:3      | Killed an ogre
  2518 | D:3      | Reached XP level 5. HP: 41/41 MP: 5/5
  2693 | D:3      | Reached skill level 1 in Dodging
  2695 | D:3      | Reached skill level 4 in Maces & Flails
  3275 | D:4      | Found a glowing golden altar of the Shining One.
  3275 | D:4      | Found a shimmering blue altar of Sif Muna.
  3298 | D:4      | Became a worshipper of the Shining One
  3376 | D:4      | Reached XP level 6. HP: 36/48 MP: 6/6
  3524 | D:4      | Found a hide-covered altar of Uskayaw.
  3957 | D:5      | Entered Level 5 of the Dungeon
  4038 | D:5      | Noticed a water moccasin
  4048 | D:5      | Killed a water moccasin
  4049 | D:5      | Reached skill level 5 in Maces & Flails
  4049 | D:5      | Reached XP level 7. HP: 52/54 MP: 7/7
  4096 | D:5      | Found a staircase to the Ecumenical Temple.
  4192 | D:5      | Found a blossoming altar of Fedhas.
  4200 | D:5      | Reached skill level 1 in Stealth
  4372 | Temple   | Entered the Ecumenical Temple
  4569 | D:5      | Noticed Blork the orc
  4581 | D:5      | Killed Blork the orc
  4822 | D:6      | Reached skill level 6 in Maces & Flails
  4845 | D:6      | Found Ber Imol's Weapon Shoppe.
  4874 | D:6      | Reached XP level 8. HP: 56/61 MP: 8/8
  4928 | D:6      | Reached skill level 7 in Maces & Flails
  5180 | D:6      | Noticed Sigmund
  5187 | D:6      | Killed Sigmund
  5188 | D:6      | Reached skill level 5 in Armour
  5257 | D:6      | Reached skill level 5 in Fighting
  5290 | D:6      | Slain by a steam dragon

Illustrated notes

Levels and vault maps discovered:
D:1:      nzn_arrival_water_spiral, layout_basic, kennysheep_decorative_pillar,
          serial_park_tiny_pond
D:2:      layout_basic, hellmonk_ecumenical_altar_heavens_door, fountainhead,
          kennysheep_small_spiral, wander_ebering_terrifying_dragon_lair
D:3:      layout_basic
D:4:      layout_basic, eat_drink_and_be_merry_uskayaw,
          mainiacjoe_overflow_large_starburst
D:5:      layout_basic, fedhas_altar_fruit_tree, temple_pool_b,
          interstate_on_off, uniq_blork_the_orc
D:6:      layout_rooms, serial_shops, nicolae_shop_scrapyard,
          minmay_unpleasant_kobolds, uniq_sigmund
Temple:   eino_temple_lava

Skill      XL: |  1  2  3  4  5  6  7  8 |
---------------+-------------------------+-----
Maces & Flails | 3 4 5 6 7 |  7.8
Dodging        | 1 2 |  2.5
Fighting       | 4 5 |  5.0
Armour         | 4 5 |  5.1
Stealth        | 1 |  1.6
Shields        | 4 |  4.2
Evocations     | |  0.1

Action                     |  1- 3 |  4- 6 |  7- 9 || total
---------------------------+-------+-------+-------++-------
  Melee: Flail             |   112 |   128 |    93 ||   333
  Evoke: Wand              |       |       |     1 ||     1
    Use: Scroll            |     4 |     5 |     6 ||    15
         Potion            |       |     1 |       ||     1
 Armour: Scale mail        |    63 |     2 |       ||    65
         Ring mail         |       |    80 |    46 ||   126
         Skin              |       |       |     1 ||     1
  Dodge: Dodged            |    46 |    84 |    62 ||   192
  Block: Buckler           |    25 |    27 |    16 ||    68
         Kite shield       |       |       |     6 ||     6
   Form: Maw               |       |       |     1 ||     1
